[Event "9th Porticcio Open 2024"]
[Site "Porticcio"]
[Date "2024.07.01"]
[Round "4.7"]
[White "De Balmann, Marc"]
[Black "Lagarde, Maxime"]
[Result "0-1"]
[ECO "E94"]
[WhiteElo "2194"]
[BlackElo "2604"]
[Annotator "TA"]
[PlyCount "122"]
[EventDate "2024.07.01"]
[EventType "swiss"]
[EventCountry "FRA"]
[SourceTitle "playchess.com"]
[Source "ChessBase"]
[SourceQuality "1"]
[TimeControl "5400+30"]

1. d4 Nf6 2. c4 g6 3. Nc3 Bg7 4. e4 d6 5. Nf3 O-O 6. Be2 Nbd7 7. O-O e5 8. Be3 c6 9. d5 Ng4 10. Bg5 f6 11. Bd2 c5 {[%emt 0:00:00] E94: King's Indian: Classical: 6 Be2 e5 7 0-0: Various Black 7th moves.} 12. Qc1 f5 13. Ng5 Ndf6 14. exf5 gxf5 15. f3 $146 ({Predecessor:} 15. h3 Nh6 16. Ne6 Bxe6 17. Bxh6 Bd7 18. Bxg7 Kxg7 19. f4 Qe7 20. Qd2 Kh8 21. Rae1 {0-1 Carlhammar,M (2245)-Vogt,L (2485) Rilton Cup 18th 1988}) 15... Nh6 16. Bd3 f4 17. Ne6 Bxe6 18. dxe6 Re8 (18... Kh8 $16) 19. g4 $18 Rxe6 20. Qc2 (20. g5 $18 Nh5 21. gxh6 Qg5+ 22. Kf2 (22. Kh1 {leads to mate.} Ng3+ 23. Kg1 Ne4+ 24. Kh1 Rg6 25. hxg7 Qg2#) 22... Qh4+ 23. Ke2 Qxh2+ 24. Kd1 Rxh6 25. Kc2) 20... Nf7 $16 21. Be1 h6 (21... e4 $16 22. Nxe4 Nxe4) 22. Rd1 (22. Bg6 $18) 22... a6 (22... e4 $16 {was worth a try.} 23. Nxe4 Qe7) 23. a4 (23. Bf5 $18 Re7 24. Bh4) 23... Qf8 24. Qg2 Nd8 25. Nd5 (25. Bf5 $142) 25... Nxd5 26. cxd5 Re7 27. Qe2 (27. g5 $1 $16) 27... e4 28. Bxe4 Nf7 29. Bh4 Ng5 30. Kh1 Rae8 31. Bxg5 hxg5 32. h4 gxh4 33. g5 (33. Qh2 $11) 33... Qf5 $17 34. Rde1 Qh3+ $1 ({Much worse is} 34... Qxg5 $6 35. Rg1 Qh6 36. Rg4 $11) 35. Qh2 Qxh2+ (35... Qg3 $1 $17 {Threatens to win with ...h3.} 36. Rg1 Qxh2+ 37. Kxh2 Bxb2) 36. Kxh2 $11 Bxb2 37. Rb1 $1 Be5 38. Rfc1 (38. Kh3 $11 {keeps the balance.}) 38... Rg7 $1 $17 39. g6 Rc7 40. Rc4 (40. Kh3 $15) 40... Kg7 $17 41. Kh3 Rh8 42. a5 Kf6 43. Rg1 Rb8 ({Black should try} 43... Bd4 $1 $17 44. Rg4 Be5) 44. Rb1 (44. Rg4 $11) 44... Bd4 $17 45. Kg4 Ke5 (45... Rg8 $17 46. Rh1 Rh7) 46. Rb6 (46. Rd1 $11 {remains equal.} b5 47. axb6) 46... Rh8 $1 $17 47. Kh3 {[%emt 0:00:48] [#]} Rh5 $1 48. Rb1 {[%emt 0:00:38] [#]} (48. Rc1 $142 Rh6 49. Rcb1) 48... Rg5 $1 $19 49. Rd1 $2 (49. Ra4) 49... Rg3+ 50. Kh2 Rg7 51. Rc2 R7xg6 52. Bxg6 Rxg6 53. Rb1 Kxd5 54. Rxb7 c4 55. Kh3 (55. Rc7 $142 c3 56. R2xc3) 55... c3 $19 56. Rc7 Rg3+ 57. Kxh4 Rxf3 58. Kg4 Ke4 59. Ra2 Rg3+ 60. Kh5 f3 61. Rf7 f2 0-1

[Event "9th Porticcio Open 2024"]
[Site "Porticcio"]
[Date "2024.07.01"]
[Round "4.8"]
[White "Clarke, Brandon G I"]
[Black "Pieri, Pierre-Louis"]
[Result "1-0"]
[ECO "C45"]
[WhiteElo "2498"]
[BlackElo "2190"]
[Annotator "TA"]
[PlyCount "43"]
[EventDate "2024.07.01"]
[EventType "swiss"]
[EventCountry "FRA"]
[SourceTitle "playchess.com"]
[Source "ChessBase"]
[SourceQuality "1"]
[TimeControl "5400+30"]

1. e4 e5 2. Nf3 Nc6 3. d4 exd4 4. Nxd4 Nf6 5. Nxc6 bxc6 6. e5 Qe7 7. Qe2 Nd5 8. h4 Qe6 9. Nd2 Nb4 10. Nf3 $1 Ba6 {[%emt 0:01:34] The position is equal.} 11. c4 $1 c5 {[%emt 0:13:29] Repels Nd4} 12. Ng5 (12. a3 {simplifies} Nc6 13. Bd2 d6 14. exd6 Qxe2+ 15. Bxe2 Bxd6 16. Bc3) 12... Qf5 (12... Qe7 $11) 13. g4 $14 Qg6 {[%emt 0:10:43] aiming for ...Nc2+.} 14. h5 Nc2+ 15. Kd1 Qc6 16. Kxc2 Qxh1 {[%emt 0:00:58] [#]} 17. e6 $1 dxe6 (17... fxe6 $16 18. Nxe6 Kf7 (18... dxe6 $2 19. Qxe6+ Be7 20. Bg5 $18) 19. Nxc7 Bb7) 18. Nxe6 $40 {[%emt 0:00:32][%mdl 128] White is out for blood.} Kd7 $2 {[%emt 0:00:30] [#]} (18... fxe6 $2 19. Qxe6+ Be7 20. Bg5 $18) (18... Bb7 {is more resistant.} 19. Nxc7+ Kd7 20. Nxa8 Be4+ 21. Kb3 Bd6) 19. Qd3+ $1 Kc6 {[%emt 0:13:39] [#]} 20. Be2 $1 {[%emt 0:04:48] Threatening mate with Bf3+.} Qe1 (20... fxe6 21. Bf3+) 21. Bf4 (21. Bf3+ $142 Kb6 22. a4 (22. Bxa8 Bxc4 23. Qxc4 Qxe6 $18) 22... Bb5 23. axb5 (23. Bxa8 a5 $18) (23. a5+ Qxa5 24. Rxa5 Kxa5 25. cxb5 Kb6 26. Bd2 Rd8 27. Qxd8 Bd6 28. Qd7 a5 29. Qc6+ Ka7 30. Qb7#) 23... a6 24. Bxa8 axb5 25. Qf3 (25. Nf4 bxc4 26. Qd7 Qxf2+ 27. Kb1 Qg2 28. Bxg2 h6 29. Qc6#) 25... Qe2+ 26. Qxe2 Bd6 27. Qe4 (27. Nxg7 Rc8 28. cxb5 c6 29. Qd2 Rxa8 30. Rxa8 Kxb5 31. Qxd6 Kb4 32. Be3 Kc4 33. Qxc5#) 27... Rxa8 28. Qxa8 fxe6 29. Qa6#) 21... Bxc4 22. Qe4+ {[%emt 0:26:53] Black did not feel at home in the position after the opening.   Weighted Error Value: White=0.02 (flawless) /Black=1.49.  Loses game:     	---       	Black=1      Mistake:       	---       	Black=2      Inaccurate:     	---       	Black=3      OK:         	White=3     	Black=4      Best:        	White=2     	---        Strong:       	White=4     	---} 1-0

[Event "9th Porticcio Open 2024"]
[Site "Porticcio"]
[Date "2024.07.01"]
[Round "4.9"]
[White "Daulet, Alikhan"]
[Black "Deladerriere, Helio"]
[Result "1-0"]
[ECO "D22"]
[WhiteElo "1877"]
[BlackElo "1850"]
[Annotator "NA RC"]
[PlyCount "79"]
[EventDate "2024.07.01"]
[EventType "swiss"]
[EventCountry "FRA"]
[SourceTitle "playchess.com"]
[Source "ChessBase"]
[SourceQuality "1"]
[TimeControl "5400+30"]

1. d4 d5 2. c4 dxc4 3. Nf3 a6 4. e3 b5 5. a4 Bb7 6. b3 e6 {[%emt 0:04:54] D22: Queen's Gambit Accepted: 3 Nf3 a6 4 e3.} 7. bxc4 bxc4 8. Bxc4 Nf6 9. O-O Bd6 10. Nbd2 O-O 11. Qe2 Nc6 12. a5 e5 13. d5 Ne7 14. e4 c6 15. dxc6 Nxc6 16. Nb3 Nd4 17. Nfxd4 exd4 18. e5 Re8 19. f4 Nd7 20. Bxf7+ Kxf7 21. Qc4+ Kf8 22. exd6 Rc8 23. Qd3 Kg8 24. Bb2 Nf6 25. Nxd4 Qxd6 26. Qg3 Ne4 27. Qg4 Nf6 28. Qg3 (28. Qxg7+ $1 $14 {deserves consideration.} Kxg7 29. Nf5+ Kg8 30. Nxd6) 28... Ne4 29. Qa3 Qd5 30. Qa2 Rc4 $1 31. Rfe1 Rf8 {[%emt 0:04:56] [#]} 32. Rxe4 $1 Kh8 33. Qa3 Rg8 34. Rae1 $18 Rc5 35. Nf3 Rxa5 36. Bxg7+ Kxg7 37. Qe7+ Qf7 38. Qxf7+ Kxf7 39. Re7+ Kg6 40. Rxb7 1-0

[Event "9th Porticcio Open 2024"]
[Site "Porticcio"]
[Date "2024.07.01"]
[Round "4.10"]
[White "Don Ignazi, Pierre Ange"]
[Black "Robertson, Blair Michael"]
[Result "1-0"]
[ECO "B41"]
[WhiteElo "1870"]
[BlackElo "1998"]
[Annotator "TA"]
[PlyCount "151"]
[EventDate "2024.07.01"]
[EventType "swiss"]
[EventCountry "FRA"]
[SourceTitle "playchess.com"]
[Source "ChessBase"]
[SourceQuality "1"]
[TimeControl "5400+30"]

1. e4 c5 2. Nf3 e6 3. d4 cxd4 4. Nxd4 a6 5. g3 Nc6 6. Nxc6 bxc6 7. Bg2 d5 8. O-O {[%emt 0:00:30] White is slightly better.} Nf6 9. exd5 cxd5 10. c4 Rb8 11. cxd5 Nxd5 12. Qe2 Be7 13. Rd1 Qb6 14. Nc3 Nxc3 15. bxc3 {[%emt 0:00:37] And now Be3 would win.} Bd7 $2 (15... O-O $14) 16. Bf4 $18 Bb5 17. Qe5 ({White should try} 17. Qg4 $18 O-O 18. Rdb1 (18. Bxb8 Qxb8 19. a4 Be8 $18)) 17... O-O $11 18. Rab1 Rbd8 19. Rxd8 Qxd8 20. Be4 Bf6 21. Qh5 g6 $1 22. Qf3 Bg7 23. Bc2 (23. a4 $11 Bxa4 24. h4) 23... Qf6 24. Qe3 {[%emt 0:03:24] Inhibits e5.} Qxc3 25. Qxc3 Bxc3 26. a4 Be2 27. Be4 Rd8 28. Bc7 Rd1+ 29. Rxd1 Bxd1 $17 {[%emt 0:00:06][%mdl 4096] Endgame. KBB-KBB} 30. Bc6 Be2 31. Bb6 g5 32. f3 Kg7 33. Kf2 Bd1 (33... Bc4 $17) 34. Ke3 {[%emt 0:00:36] [#]} (34. a5 $11) 34... Be1 ({Black should play} 34... a5 $1 $17) 35. a5 $11 Bb3 36. Kd3 {[%emt 0:00:01] Dodges Bc4+} h5 37. Bb7 Bb4 (37... Bd5 $14 38. Bxa6 Bxf3) 38. Bxa6 $16 Bd5 {[%emt 0:00:17] Dodges Bb7} 39. Ke2 e5 $2 (39... Kf8 $16) 40. Bd3 $18 Bc3 $2 (40... Kf6 {is a better defense.} 41. Be4 Bc4+ 42. Ke3 (42. Bd3 Bd5 $18) 42... Ke6) 41. a6 g4 42. fxg4 {[%emt 0:02:06] Black must now prevent Ke3.} hxg4 43. Kf2 (43. Ke3 $142 {Be4 would now be deadly.} Be1 44. Bf5) 43... Kf6 44. Be2 Ke6 $2 (44... Kf5 {was called for.} 45. a7 f6) 45. Bxg4+ f5 46. Be2 Kd6 47. Bd8 (47. a7 $142) 47... Bd4+ 48. Kf1 f4 49. gxf4 exf4 50. Bd3 $2 (50. Bh4 $18) 50... f3 $2 {[%emt 0:00:38][%mdl 8192] [#]} (50... Be6 $1 $11) 51. h4 $2 (51. Bh4 $1 $18) 51... Be6 $11 52. Ke1 f2+ 53. Kd2 Bg4 (53... Bh3 {simplifies} 54. Bg5 f1=Q 55. Bxf1 Bxf1 56. Be3 Bxe3+ 57. Kxe3 Bxa6 58. h5 Ke6) 54. Bf1 {[%emt 0:00:25] Kd3 is the strong threat.} (54. Bg5 $5 Bh3 $8 55. Be3 $11) 54... Ba7 (54... Ke5 $11 {keeps the balance.}) 55. Bg5 $16 {[%emt 0:00:16] aiming for Be3. White stays focused until the end.} Ke6 $2 (55... Bc8 $16 56. Be3 Bxe3+ 57. Kxe3 Bxa6 58. Bxa6 Ke7) 56. Be3 Bb8 57. a7 Bxa7 58. Bxa7 Kf5 59. Ke3 Bd1 60. Bh3+ Bg4 61. Bf1 Bd1 $1 62. Kd2 Bg4 $1 63. Bxf2 {[%emt 0:00:03] White mates.} Bh5 64. Ke3 Be8 65. Bh3+ Kg6 66. Kf4 Bf7 67. Bg4 Kh6 68. Kf5 Bg6+ 69. Kf6 Be8 70. Be3+ Kh7 71. Bf5+ Kh8 72. Bg6 Bb5 73. Bd4 Bc4 74. h5 Bb3 75. h6 Bg8 76. Kf5# {[%emt 0:00:11] Weighted Error Value: White=0.41/Black=0.47.  Loses game:     	---       	Black=4      Missed win:     	White=3     	---        Mistake:       	White=4     	Black=6      Inaccurate:     	White=4     	Black=5      OK:         	White=26    	Black=15     Best:        	White=2     	Black=2      Strong:       	---       	Black=2} 1-0

[Event "9th Porticcio Open 2024"]
[Site "Porticcio"]
[Date "2024.07.01"]
[Round "4.11"]
[White "Grisoni, Emma"]
[Black "Bernardi, Alexandre"]
[Result "1/2-1/2"]
[ECO "C56"]
[WhiteElo "1746"]
[BlackElo "1866"]
[Annotator "NA RC"]
[PlyCount "64"]
[EventDate "2024.07.01"]
[EventType "swiss"]
[EventCountry "FRA"]
[SourceTitle "playchess.com"]
[Source "ChessBase"]
[SourceQuality "1"]
[TimeControl "5400+30"]

1. e4 e5 2. Nf3 Nc6 3. d4 exd4 4. Bc4 Nf6 5. O-O Nxe4 6. Re1 d5 7. Bxd5 Qxd5 8. Nc3 Qh5 9. Nxe4 Be6 10. Bg5 Bd6 11. Nxd6+ cxd6 12. Bf4 Qd5 13. c3 O-O 14. Nxd4 Nxd4 15. Qxd4 Qxd4 16. cxd4 Rfd8 17. a4 Rac8 18. Rac1 d5 19. Rxc8 Rxc8 20. Rc1 Rxc1+ 21. Bxc1 Kf8 22. Kf1 Ke7 23. Ke2 Bf5 24. b4 Ke6 25. Bf4 Bc2 26. a5 Kf5 27. Bb8 a6 28. Ke3 Bb3 29. Bc7 Bc2 30. Bb8 Bb3 31. Bc7 Bc2 32. Bb8 Bb3 1/2-1/2

[Event "9th Porticcio Open 2024"]
[Site "Porticcio"]
[Date "2024.07.02"]
[Round "5.1"]
[White "Fedorchuk, Sergey A."]
[Black "Druska, Juraj"]
[Result "1-0"]
[ECO "C01"]
[WhiteElo "2546"]
[BlackElo "2466"]
[Annotator "TA"]
[PlyCount "83"]
[EventDate "2024.07.01"]
[EventType "swiss"]
[EventCountry "FRA"]
[SourceTitle "playchess.com"]
[Source "ChessBase"]
[SourceQuality "1"]
[TimeControl "5400+30"]

1. e4 e5 2. Nf3 Nf6 3. Nxe5 d6 4. Nf3 Nxe4 5. d3 Nf6 6. d4 d5 7. Bd3 Bd6 8. O-O O-O 9. h3 h6 10. Re1 Re8 11. Rxe8+ Qxe8 12. Nc3 a6 {[%emt 0:07:10] Wards off Nb5. The position is equal.} 13. Ne2 Nc6 14. Bf4 Nb4 15. Bxd6 cxd6 16. Ng3 Qa4 17. a3 Nxd3 18. Qxd3 Bd7 19. Re1 Re8 20. Rxe8+ Nxe8 21. Nh4 Nf6 22. Nhf5 Bxf5 23. Nxf5 $14 {[%emt 0:00:17][%mdl 4096] Endgame. KQN-KQN} (23. Qxf5 Qxd4 24. Qc8+ Kh7 25. Qxb7 Qd1+ 26. Nf1 Qxc2 $17) 23... Qd7 24. g4 Qe6 25. Qe3 Ne8 26. f3 {[%emt 0:04:01] White is much more active.} h5 27. Kf2 (27. gxh5 Qxf5 28. Qxe8+ Kh7 $11) (27. Ne7+ Kf8 28. Qxe6 fxe6 $11) 27... hxg4 28. hxg4 ({Much worse is} 28. fxg4 Kf8 $11) 28... g6 29. Qg5 Nf6 30. c3 a5 $2 {[%emt 0:02:44] Loses the game.} (30... b5 $16) 31. a4 $18 Qd7 32. Qxf6 {[%emt 0:02:37][%csl Gf5][%cal Rf6g7] [#]} gxf5 33. Qxf5 Qxf5 (33... Qxa4 34. Qg5+ (34. Qxd5 Qc2+ 35. Kg3 Qxb2 $14) 34... Kh8 35. Qxd5 Qc2+ 36. Kg3 Qxb2 37. Qxd6 (37. Qxf7 Qxc3 38. Qf6+ Kg8 $14) 37... Qxc3) 34. gxf5 {[%emt 0:00:02] KP-KP} Kg7 35. Kg3 Kh6 36. Kg4 f6 37. b3 {[%emt 0:01:02] [#] c4 would kill now.} ({Weaker is} 37. b4 b6 $11) 37... b6 38. c4 {[%emt 0:00:33] White mates.} Kg7 39. Kf4 Kh6 40. cxd5 Kh5 41. Ke3 Kg5 42. Ke4 {[%emt 0:00:12] Weighted Error Value: White=0.04 (flawless) /Black=0.65.  Loses game:     	---       	Black=1      Mistake:       	---       	Black=1      Inaccurate:     	---       	Black=4      OK:         	White=11    	Black=5      Best:        	White=1     	Black=1} 1-0

[Event "9th Porticcio Open 2024"]
[Site "Porticcio"]
[Date "2024.07.02"]
[Round "5.2"]
[White "Bailet, Pierre"]
[Black "Batsiashvili, Nino"]
[Result "1/2-1/2"]
[ECO "C47"]
[WhiteElo "2491"]
[BlackElo "2450"]
[Annotator "TA"]
[PlyCount "66"]
[EventDate "2024.07.01"]
[EventType "swiss"]
[EventCountry "FRA"]
[SourceTitle "playchess.com"]
[Source "ChessBase"]
[SourceQuality "1"]
[TimeControl "5400+30"]

1. e4 e5 2. Nf3 Nc6 3. Nc3 Nf6 4. d4 exd4 5. Nxd4 Bb4 6. Nxc6 bxc6 7. Bd3 O-O 8. O-O d5 9. exd5 Bg4 10. f3 Bh5 11. dxc6 {[%emt 0:00:06] White is slightly better.} Qd4+ $1 12. Kh1 {[%emt 0:00:09][%cal Od3h7] [#] And now Bxh7+! would win.} Bxc3 13. bxc3 Qxc3 14. Bf4 Qxc6 15. Qe2 Nd5 {[%emt 0:10:54] The position is equal.} 16. Bg3 Bg6 17. Bb5 {[%emt 0:01:48] A strong pair of Bishops.} Qc3 18. Qe5 Qxe5 19. Bxe5 Ne3 20. Rf2 Nxc2 21. Rc1 Nb4 22. Rxc7 Nd3 23. Bxd3 Bxd3 24. h4 Rfc8 25. Rd2 Rxc7 26. Bxc7 $11 {[%emt 0:00:07][%mdl 4096] Endgame. KRB-KRB} Bb5 27. Rd8+ Rxd8 28. Bxd8 {[%emt 0:00:06] KB-KB} a6 29. Bb6 h5 30. Bc7 Bc6 31. Bb6 Bb5 32. Bc7 Bc6 33. Bb6 Bb5 {[%emt 0:00:04] A balanced but interesting game.   Weighted Error Value: White=0.04 (flawless) /Black=0.03 (flawless) .  Inaccurate:     	---       	Black=1      OK:         	White=7     	Black=11     Best:        	White=1     	Black=2      Strong:       	---       	Black=1} 1/2-1/2

[Event "9th Porticcio Open 2024"]
[Site "Porticcio"]
[Date "2024.07.02"]
[Round "5.3"]
[White "Lagarde, Maxime"]
[Black "Yankelevich, Lev"]
[Result "1/2-1/2"]
[ECO "C84"]
[WhiteElo "2604"]
[BlackElo "2416"]
[Annotator "TA"]
[PlyCount "94"]
[EventDate "2024.07.01"]
[EventType "swiss"]
[EventCountry "FRA"]
[SourceTitle "playchess.com"]
[Source "ChessBase"]
[SourceQuality "1"]
[TimeControl "5400+30"]

1. e4 e5 2. Nf3 Nc6 3. Bb5 a6 4. Ba4 Nf6 5. O-O Be7 6. d3 b5 7. Bb3 d6 8. Bd2 {[%emt 0:00:04] C84: Closed Ruy Lopez: Unusual White 6th moves.} O-O 9. h3 Be6 10. Nc3 Bxb3 11. axb3 Qd7 12. Re1 Rfe8 13. Nd5 $146 ({Predecessor:} 13. Bg5 h6 14. Bh4 Nb4 15. d4 Rad8 16. Na2 Nxa2 17. Rxa2 Qc6 18. Qd3 Nd7 19. d5 {1-0 Yuffa,D (2606)-Walter,S (2382) Bundesliga 2324 2023 (10.8)}) 13... Nxd5 14. exd5 Nd8 15. d4 f6 16. c4 c6 17. dxc6 Qxc6 18. Rc1 Nf7 19. Ba5 Bd8 20. Qd2 Rb8 21. Bxd8 Rexd8 22. Qc2 bxc4 23. bxc4 Rb4 24. Re3 a5 25. d5 Qb6 26. b3 Rb8 27. Nd2 Nd8 28. Qf5 Nf7 (28... Nb7 $1 $11 {remains equal.}) 29. Rg3 Kh8 30. Ne4 Qd8 31. Rcc3 ({White should try} 31. Ra1 $16) 31... R4b7 (31... Qc8 $14 32. Qh5 Qf8) 32. Rcf3 ({White should play} 32. c5 $16 {Strongly threatening cxd6.} Nh6 33. Qe6 dxc5 34. d6 (34. Nxc5 Re7 $11)) 32... Nh6 $1 $11 33. Qh5 $1 ({But not} 33. Qe6 f5 34. Nxd6 Re7 $17) 33... f5 34. Ng5 {[%emt 0:01:28] [#]} (34. Rxf5 $1 $11 {was the only way to keep the balance.} Nxf5 35. Qxf5) 34... Qe8 (34... f4 $1 $17 35. Ne6 Qe8 36. Qxe8+ Rxe8) 35. Qxe8+ $11 Rxe8 36. Rc3 Rc8 37. Ne6 f4 38. Rgd3 Nf5 39. c5 Kg8 40. cxd6 Rxc3 41. Rxc3 Nxd6 42. Rc6 Rd7 43. Nc5 Rd8 44. Ne6 Rd7 45. Ra6 Ne4 46. f3 Nd2 $1 47. d6 Nxb3 1/2-1/2

[Event "9th Porticcio Open 2024"]
[Site "Porticcio"]
[Date "2024.07.02"]
[Round "5.4"]
[White "Kavutskiy, Konstantin"]
[Black "Clarke, Brandon G I"]
[Result "0-1"]
[ECO "E92"]
[WhiteElo "2345"]
[BlackElo "2498"]
[Annotator "TA"]
[PlyCount "84"]
[EventDate "2024.07.01"]
[EventType "swiss"]
[EventCountry "FRA"]
[SourceTitle "playchess.com"]
[Source "ChessBase"]
[SourceQuality "1"]
[TimeControl "5400+30"]

1. d4 Nf6 2. c4 g6 3. Nc3 Bg7 4. e4 d6 5. Nf3 O-O 6. Be2 e5 7. d5 a5 8. h3 Na6 9. Bg5 h6 10. Be3 Nc5 11. Nd2 Nfd7 12. g4 c6 13. Qc2 a4 14. h4 {[%emt 0:00:00][%cal Bh3h4,Bh4h5][%mdl 32] White is better.} Qa5 15. h5 g5 (15... a3 $14) 16. O-O $16 a3 17. Nb3 Qb4 18. Rab1 axb2 19. Qxb2 Na4 20. Nxa4 Qxa4 21. Nd2 Qxa2 22. Qc1 Bf6 23. Re1 Bd8 24. Nb3 {[%emt 0:00:00] Black must now prevent Ra1.} Ba5 {[%emt 0:00:00] [#]} 25. Bd1 Bxe1 $17 26. Ra1 {[%emt 0:00:00] [#]} Qxa1 $1 27. Nxa1 {[%emt 0:00:00] [#]} Bb4 (27... Ba5 $1 $17) 28. Nc2 $11 (28. Bxg5 Rxa1 29. Qxa1 hxg5 $17) 28... Bc5 29. Bxg5 hxg5 30. Qxg5+ Kh7 {[%emt 0:00:39] ...Rg8 is the strong threat.} 31. Qe7 $2 {[%emt 0:00:00] [#]} (31. Qf5+ $11 Kh8 32. Qg5) 31... Ra2 $2 (31... Bb6 $1 $19 {[%cal Rb6d8] Hoping for ...Bd8.} 32. c5 (32. Qxd6 $2 Bc5 $19) 32... dxc5 (32... Bxc5 33. g5 $11) 33. dxc6 bxc6) 32. g5 Rb2 {[%emt 0:01:58] Threatens to win with ...Rb1.} 33. Kg2 Kg7 34. h6+ Kg6 $1 (34... Kh7 35. Bg4 Rxc2 36. Bxd7 $18) 35. Bg4 Rxc2 36. Bxd7 Rxf2+ 37. Kg3 Rg8 38. Bxc8 (38. h7 $11 Kxh7 39. Bf5+ Kg7 (39... Bxf5 40. Qxf7+ Rg7 41. Qh5+ Kg8 42. Qe8+ Kh7 43. Qh5+ Kg8 44. Qe8+ Kh7 45. Qh5+ $11) 40. Qf6+ Kf8 41. Qd8+ Kg7 42. Qf6+ Kf8 43. Qd8+ Kg7 44. Qf6+) 38... Rxc8 {[%emt 0:00:01] Black mates.} 39. Qxb7 Rg8 40. dxc6 Kh5 ({Weaker is} 40... Kxg5 41. h7 Rh8 42. c7 $11) 41. Qd7 Rxg5+ 42. Kh3 Rf4 {[%emt 0:01:12] Weighted Error Value: White=0.30/Black=0.12 (very precise) .  Loses game:     	White=2     	---        Missed win:     	---       	Black=1      Mistake:       	White=1     	Black=2      Inaccurate:     	White=3     	---        OK:         	White=12    	Black=6      Best:        	White=3     	Black=2      Strong:       	---       	Black=1} 0-1

[Event "9th Porticcio Open 2024"]
[Site "Porticcio"]
[Date "2024.07.02"]
[Round "5.5"]
[White "Kuru, Atilla"]
[Black "Nevednichy, Vladislav"]
[Result "1-0"]
[ECO "B56"]
[WhiteElo "2314"]
[BlackElo "2471"]
[Annotator "TA"]
[PlyCount "123"]
[EventDate "2024.07.01"]
[EventType "swiss"]
[EventCountry "FRA"]
[SourceTitle "playchess.com"]
[Source "ChessBase"]
[SourceQuality "1"]
[TimeControl "5400+30"]

1. e4 c5 2. Nf3 d6 3. d4 cxd4 4. Nxd4 Nf6 5. Nc3 Bd7 6. f3 {[%emt 0:00:07] B56: Classical Sicilian: Unusual Lines.} e5 7. Nb3 Bc6 8. Be3 Be7 9. Qd2 d5 10. exd5 Nxd5 11. Nxd5 Qxd5 12. Qxd5 Bxd5 13. O-O-O Bc6 $146 ({Predecessor:} 13... Be6 14. Nc5 Bxc5 15. Bxc5 Nd7 16. Bd6 O-O-O 17. Rd3 Nb8 18. Bxe5 f6 19. Bc3 Nc6 {1-0 Delgado Ramirez,N (2621)-Kovacevic,A (2474) Titled Tuesday intern op 6th June blitz 2020 (10)}) 14. Na5 Nd7 15. Nxc6 bxc6 16. Ba6 Rb8 17. Rhe1 (17. Bxa7 Ra8 18. Bb7 Rxa7 $17) 17... f6 18. f4 ({Not} 18. Bxa7 Ra8 19. Bb7 Rxa7 $15) 18... Bc5 19. Bxc5 Nxc5 20. Bf1 Rd8 21. fxe5 Rxd1+ 22. Kxd1 f5 23. Re3 Ke7 24. Ke1 (24. Ra3 $18 {has better winning chances.} Rd8+ 25. Kc1) 24... Rd8 (24... Rb8 $16 {keeps fighting.}) 25. Ra3 $18 Rd5 (25... Rd7 {might work better.} 26. Bc4 g6) 26. Rxa7+ $18 Nd7 27. e6 Re5+ 28. Kf2 Kxe6 29. a4 g5 30. a5 Nf6 31. Be2 Kd6 32. a6 Ne4+ 33. Ke1 Ra5 34. Bd3 ({Resist} 34. Rxh7 $6 Ra1+ 35. Bd1 Rxa6 $14) 34... Nc5 35. Bxf5 Nxa6 36. Bxh7 ({Don't do} 36. Rd7+ Ke5 $18) 36... Re5+ 37. Kf2 Nc7 38. Ra4 Ne6 39. g3 Rd5 40. Ke2 Nc5 41. Rc4 Re5+ 42. Kf3 Nd7 43. Rd4+ Kc7 44. Be4 Rb5 45. b3 Ne5+ 46. Kg2 Rb8 47. Rd2 Rb4 48. Bf5 Rb8 49. h4 gxh4 50. gxh4 Rg8+ 51. Kh3 Rh8 52. Kg3 Rf8 53. Be4 c5 54. Rd5 Nd7 55. Bf5 Nf6 56. Rxc5+ Kd6 57. Ra5 Rg8+ 58. Kf3 Rh8 59. Kf4 Rh5 60. c4 Ke7 61. Re5+ Kf8 62. Bg6 1-0